 Dungeon Crawl Stone Soup version 0.24.0-37-gcf1ca852f1 (webtiles) character file.

Game seed: 17229038535396764200, levelgen mode: deterministic

126700 Taega the Fighter (level 16, -5/169 HPs)
             Began as a Troll Monk on Dec 2, 2019.
             Was the Champion of Makhleb.
             Slain by a seven-headed hydra simulacrum (33 damage)
             ... on level 4 of the Swamp on Dec 3, 2019.
             The game lasted 01:50:10 (25853 turns).

Taega the Fighter (Troll Monk)                     Turns: 25853, Time: 01:50:11

Health: -5/169     AC: 22    Str: 28    XL:     16   Next: 44%
Magic:  0/24       EV: 17    Int:  9    God:    Makhleb [******]
Gold:   2368       SH: 15    Dex: 14    Spells: 10/19 levels left

rFire    + . .     SeeInvis .   f - +12 Vampire's Tooth {vamp}
rCold    . . .     Gourm    +   E - +0 large shield
rNeg     . . .     Faith    .   S - +4 acid dragon scales
rPois    .         Spirit   +   Q - +2 hat {MR+}
rElec    .         Reflect  .   o - scarf {cloud immunity}
rCorr    +         Harm     .   (gloves unavailable)
MR       ++++.                  (boots unavailable)
Stlth    ..........             x - amulet of guardian spirit
HPRegen  0.78/turn              C - +6 ring of protection
MPRegen  0.19/turn              Z - ring "Eghehul" {rF+ MR++ EV+5 Int+3 Stlth-}

@: about to teleport
A: large, unfitting armour, claws 3, hooves 1, agile 1, fast metabolism 3,
gourmand, regeneration 1, shaggy fur 1, tough skin 3
a: Minor Destruction, Lesser Servant of Makhleb, Major Destruction, Greater
Servant of Makhleb, Renounce Religion


You were on level 4 of the Swamp.
You worshipped Makhleb.
Makhleb was exalted by your worship.
You were not hungry.

You visited 5 branches of the dungeon, and saw 28 of its levels.
You also visited: Bailey.

You collected 3144 gold pieces.
You spent 776 gold pieces at shops.

Inventory:

Hand Weapons
 f - the +12 Vampire's Tooth (weapon) {vamp}
   (You took it off a gnoll sergeant in a bailey)

   It inflicts no extra harm, but heals its wielder when it wounds a living foe.
Missiles
 k - 36 poisoned darts (quivered)
Armour
 o - a scarf of cloud immunity (worn)
 E - a +0 large shield (worn)
 Q - a +2 hat of magic resistance (worn)
 S - +4 acid dragon scales (worn)
Jewellery
 j - an uncursed ring of poison resistance
 x - an amulet of guardian spirit (around neck)
 A - an uncursed ring of positive energy {unknown}
 C - a +6 ring of protection (left claw)
 P - an uncursed ring of flight
 X - an uncursed amulet of the gourmand {unknown}
 Z - the ring "Eghehul" (right claw) {rF+ MR++ EV+5 Int+3 Stlth-}
   (You found it on level 4 of the Lair of Beasts)

   [ring of evasion]

   It affects your evasion (+5).
   It affects your intelligence (+3).
   It protects you from fire.
   It affects your resistance to hostile enchantments.
   It makes you less stealthy.
Wands
 i - a wand of random effects (30)
 l - a wand of iceblast (26)
 n - a wand of scattershot (7)
 D - a wand of polymorph (9)
 G - a wand of flame (10)
 H - a wand of enslavement (7)
 I - a wand of paralysis (15)
 M - a wand of disintegration (26)
 U - a wand of digging (12)
 V - a wand of acid (7)
 W - a wand of clouds (3)
Scrolls
 a - 3 scrolls of magic mapping
 c - 10 scrolls of remove curse
 d - 4 scrolls of fear
 e - 12 scrolls of teleportation
 p - 6 scrolls of fog
 s - 3 scrolls of identify
 y - a scroll of summoning
 z - a scroll of amnesia
 L - a scroll of holy word {unknown}
 T - 2 scrolls of noise
Potions
 g - 2 potions of cancellation
 h - 2 potions of heal wounds
 m - 2 potions of magic
 r - 4 potions of flight
 t - 6 potions of mutation
 B - 5 potions of might
 F - 3 potions of berserk rage
 J - 14 potions of curing
 K - 2 potions of invisibility
 N - a potion of haste
 O - 3 potions of resistance
 R - a potion of agility
Miscellaneous
 q - a fan of gales
 u - a lamp of fire
 v - a phantom mirror
 w - 2 boxes of beasts
 Y - a lightning rod (4/4)
Comestibles
 b - 31 rations


   Skills:
 + Level 13.1 Fighting
 - Level 8.0 Short Blades
   Level 5.2 Maces & Flails
 + Level 11.8 Dodging
 - Level 1.0 Stealth
 + Level 2.9 Shields
 - Level 6.6 Unarmed Combat
 - Level 2.3 Spellcasting
 - Level 2.5 Air Magic
 - Level 12.4 Invocations
 + Level 8.1 Evocations


You had 10 spell levels left.
You knew the following spells:

 Your Spells              Type           Power        Failure   Level  Hunger
a - Tornado               Air            #.........   100%        9    #######

Your spell library contained the following spells:

 Spells                   Type           Power        Failure   Level  Hunger
 Corona                   Hex            #......      99%         1    ##.....
 Flame Tongue             Conj/Fire      #....        99%         1    ##.....
 Summon Small Mammal      Summ           #...         99%         1    ##.....
 Call Imp                 Summ           #.......     100%        2    ###....
 Ensorcelled Hibernation  Hex/Ice        #.....       100%        2    ###....
 Slow                     Hex            #.......     100%        2    ###....
 Throw Flame              Conj/Fire      #.....       100%        2    ###....
 Call Canine Familiar     Summ           #.......     100%        3    ####...
 Confuse                  Hex            #.......     100%        3    ####...
 Conjure Flame            Conj/Fire      #.......     100%        3    ####...
 Dazzling Spray           Conj/Hex       #.....       100%        3    ####...
 Inner Flame              Hex/Fire       #.......     100%        3    ####...
 Portal Projectile        Hex/Tloc       #.....       100%        3    ####...
 Recall                   Summ/Tloc      N/A          100%        3    ####...
 Static Discharge         Conj/Air       #.......     100%        3    ####...
 Summon Guardian Golem    Hex/Summ       #.......     100%        3    ####...
 Tukima's Dance           Hex            #.......     100%        3    ####...
 Cause Fear               Hex            #.........   100%        4    #####..
 Leda's Liquefaction      Hex/Erth       #.........   100%        4    #####..
 Sticky Flame             Conj/Fire      #.......     100%        4    #####..
 Summon Ice Beast         Ice/Summ       #.......     100%        4    #####..
 Summon Lightning Spire   Summ/Air       #.......     100%        4    #####..
 Aura of Abjuration       Summ           #.........   100%        5    ######.
 Fireball                 Conj/Fire      #.........   100%        5    ######.
 Irradiate                Conj/Tmut      #.........   100%        5    ######.
 Lightning Bolt           Conj/Air       #.........   100%        5    ######.
 Silence                  Hex/Air        #.........   100%        5    ######.
 Summon Demon             Summ           #.........   100%        5    ######.
 Summon Forest            Summ/Tloc      #.........   100%        5    ######.
 Summon Mana Viper        Hex/Summ       #.......     100%        5    ######.
 Yara's Violent Unravell  Hex/Tmut       #.........   100%        5    ######.
 Deflect Missiles         Chrm/Air       #.........   100%        6    #######
 Hydra Form               Tmut           #.........   100%        6    #######
 Shadow Creatures         Summ           N/A          100%        6    #######
 Statue Form              Tmut/Erth      #........    100%        6    #######
 Dragon Form              Tmut           #.........   100%        7    #######
 Discord                  Hex            #.........   100%        8    #######
 Ignition                 Fire           #.........   100%        8    #######
 Shatter                  Erth           #.........   100%        9    #######


Dungeon Overview and Level Annotations

Branches:
Dungeon (15/15)            Temple (0/1) D:6            Lair (6/6) D:8
  Swamp (4/4) Lair:3       Spider (1/4) Lair:3        Slime (0/5) Lair:5
    Orc (2/2) D:10            Elf (0/3) Orc:2        Vaults (0/5) D:13
 Depths (0/5) D:15         Bailey (visited)

Altars:
Ashenzari
Cheibriados
Hepliaklqana
Makhleb
Okawaru
Qazlal
Sif Muna
Trog
Uskayaw
Xom
Yredelemnul
Zin
The Shining One
Beogh
Jiyva

Shops:
D:7 }   D:11 **([*   D:15 (   Orc:2 [%[%

Annotations:
Lair:1 3 runed translucent doors, mrkaede's ghost, journeyman TrBe
Lair:6 Goreval's ghost, journeyman CeHu; Razfen's ghost, journeyman GnWn; Totodit's ghost, journeyman GrEE


Innate Abilities, Weirdness & Mutations

You are too large for most types of armour.
You have claws for hands.
Your metabolism is lightning-fast.
You like to eat raw meat.
Your natural rate of healing is unusually fast.
You are covered in fur. (AC +1)
You have extremely tough skin. (AC +3)
You have large cloven feet.
You are agile. (Dex +2)


Message History

Press: ? - help, Shift-Dir - straight line, f/p - seven-headed hydra simulacrum
Aim: a seven-headed hydra simulacrum (noxious fumes, severely damaged)
Okay, then.
As you read the scroll of teleportation, it crumbles to dust.
You feel strangely unstable. The ice dragon breathes frost at you.
The blast of cold hits you!!
* * * LOW HITPOINT WARNING * * *
You feel much better.
You block the seven-headed hydra simulacrum's attack.
The seven-headed hydra simulacrum bites you.
* * * LOW HITPOINT WARNING * * *
The seven-headed hydra simulacrum freezes you!
* * * LOW HITPOINT WARNING * * *
You block the seven-headed hydra simulacrum's attack.
The seven-headed hydra simulacrum bites you but does no damage. x2
The seven-headed hydra simulacrum bites you.
* * * LOW HITPOINT WARNING * * *
The seven-headed hydra simulacrum freezes you!!
You die...

#...##♣≈≈≈♣♣♣..≈≈≈≈.♣
###..#♣≈≈♣♣ ♣♣..≈≈.♣♣
##..##♣♣♣♣♣♣♣♣.♣.≈§♣
#..♣# ♣♣≈≈.♣♣..♣♣
#..# ♣♣≈≈..♣.§≈≈♣
#}.# ♣≈≈≈≈......♣
#..## ♣♣≈≈≈≈.....≈♣
##..## ♣♣≈≈≈≈≈.≈≈♣♣
##D@# ♣♣≈≈≈≈≈≈≈♣ #♣Z#
♣♣♣≈≈≈≈♣♣


§DD ♣♣♣♣♣♣ ≈°☼§. ≈§§○§§° #≈§§§§§°≈ #≈.°≈☼°§≈≈ #≈≈°°°°≈≈≈≈ You could see 3 ice
dragons and a seven-headed hydra simulacrum.

Vanquished Creatures
  Jorgrun (Swamp:2)
  A thorn hunter (Swamp:1)
  An azure jelly (Swamp:4)
  Louise (Swamp:3)
  A dire elephant (Lair:6)
  Snorg (D:11)
  An ogre mage (D:15)
  A vault guard (D:13)
  13 hydras
  Harold (D:7)
  2 catoblepae
  6 shambling mangroves
  A centaur warrior (D:14)
  3 ghost crabs
  12 death yaks (Lair:6)
  14 alligators
  2 two-headed ogres
  Erica (D:10)
  A deep troll shaman (Lair:6)
  Urug (D:13)
  3 orc high priests (Orc:2)
  Sonja (D:13)
  5 spriggans
  A swamp dragon (Swamp:3)
  2 spriggan druids
  An unseen horror (D:15)
  2 wizards (D:15)
  4 orc knights (Orc:2)
  Pikel (D:8)
  A wolf spider zombie (D:14)
  4 ugly things
  3 oklob plants (Lair:4)
  2 deep elf magi
  2 manticores
  4 wolf spiders (Spider:1)
  5 orc sorcerers
  14 elephants (Lair:6)
  2 cyclopes
  Maurice (D:8)
  13 spiny frogs
  A torpor snail (Lair:6)
  7 black mambas
  3 gargoyles
  2 rime drakes
  4 komodo dragons
  4 freezing wraiths (Swamp:4)
  An efreet (D:15)
  3 kobold demonologists (D:14)
  A polar bear (Lair:3)
  A jumping spider (Spider:1)
  7 trolls
  Grinder (D:4)
  11 hornets
  6 tyrant leeches
  A blink frog (shapeshifter) (D:13)
  3 blink frogs (Lair:1)
  10 bog bodies
  20 slime creatures
  7 hippogriffs
  4 redbacks (Spider:1)
  Sigmund (D:6)
  A yak (shapeshifter) (D:15)
  4 wraiths
  A vampire (D:13)
  4 tarantellas (Spider:1)
  2 shadows
  5 basilisks
  2 wyverns (D:14)
  54 yaks
  4 vampire mosquitoes (Swamp:2)
  2 hungry ghosts
  4 swamp worm simulacra (Swamp:4)
  18 insubstantial wisps
  Edmund (D:4)
  15 swamp worms
  14 hydra simulacra (Swamp:4)
  4 wargs (D:10)
  10 water moccasins
  4 acid dragons
  12 orc warriors
  A sky beast (D:5)
  3 porcupines
  7 swamp drakes
  2 black bears
  A hornet zombie (D:10)
  13 ogres
  2 ice beasts
  11 wolves
  6 phantoms
  8 centaurs
  14 crocodiles
  5 big kobolds
  11 bullfrogs
  8 gnoll sergeants (Bailey)
  A wyvern zombie (D:12)
  A wyvern skeleton (D:12)
  3 scorpions
  12 killer bees
  7 wights
  6 electric eels
  4 crimson imps
  2 bullfrog zombies
  7 centaur zombies
  14 hounds
  2 jellies
  A quasit (D:4)
  3 bullfrog skeletons
  11 orc priests
  6 gnoll shamans (Bailey)
  6 iguanas
  6 centaur skeletons
  Natasha (thrice) (D:4)
  19 orc wizards
  11 worker ants
  2 hound skeletons
  2 worker ant zombies (D:8)
  12 adders
  21 gnolls
  4 swamp drake simulacra (Swamp:4)
  An ooze (D:3)
  An adder zombie (D:8)
  5 worms
  7 leopard geckos
  56 orcs
  7 bats
  6 giant cockroaches
  7 goblins
  6 hobgoblins
  13 jackals
  26 kobolds
  4 quokkas
  2 ball pythons (D:2)
  5 frilled lizards
  6 rats
805 creatures vanquished.

Vanquished Creatures (others)
  An alligator (Swamp:4)
  2 spriggan druids
  A jumping spider (Spider:1)
  A tarantella (Spider:1)
  A slave (D:8)
  2 orc wizards
  A shadow imp (D:8)
  2 fungi (Lair:6)
  16 plants
  A withered plant (Lair:6)
28 creatures vanquished.

Grand Total: 833 creatures vanquished

Notes
Turn   | Place    | Note
-------+----------+-------------------------------------------
     0 | D:1      | Taega the Troll Monk began the quest for the Orb.
     0 | D:1      | Reached XP level 1. HP: 22/22 MP: 0/0
   116 | D:1      | Reached XP level 2. HP: 29/29 MP: 1/1
   714 | D:2      | Found a shimmering altar of Xom.
   847 | D:2      | Reached XP level 3. HP: 33/36 MP: 2/2
  1257 | D:2      | Found a faded altar of an unknown god.
  1562 | D:3      | Reached skill level 3 in Fighting
  1562 | D:3      | Reached XP level 4. HP: 31/45 MP: 3/3
  1598 | D:3      | Found a glowing golden altar of the Shining One.
  1681 | D:3      | Found a shimmering blue altar of Sif Muna.
  1937 | D:3      | Found a hazy altar of Hepliaklqana.
  2077 | D:3      | Reached XP level 5. HP: 53/53 MP: 4/4
  2434 | D:4      | Noticed Natasha
  2443 | D:4      | Killed Natasha
  2443 | D:4      | Reached skill level 5 in Unarmed Combat
  2612 | D:4      | Noticed Grinder
  2616 | D:4      | Noticed Edmund
  2722 | D:4      | Reached XP level 6. HP: 61/61 MP: 5/5
  2806 | D:4      | Found a burning altar of Makhleb.
  2850 | D:4      | Noticed Natasha
  2856 | D:4      | Killed Natasha
  2889 | D:4      | Became a worshipper of Makhleb the Destroyer
  2889 | D:4      | Reached * piety under Makhleb
  2889 | D:4      | Reached ** piety under Makhleb
  2946 | D:4      | Noticed Natasha
  2956 | D:4      | Killed Natasha
  3023 | D:4      | Killed Grinder
  3023 | D:4      | Reached skill level 4 in Fighting
  3023 | D:4      | Reached XP level 7. HP: 44/70 MP: 6/6
  3097 | D:4      | Killed Edmund
  3192 | D:5      | Entered Level 5 of the Dungeon
  3343 | D:4      | Reached skill level 1 in Maces & Flails
  3686 | D:5      | Reached XP level 8. HP: 71/79 MP: 7/7
  3879 | D:5      | Found a shattered altar of Ashenzari.
  4135 | D:5      | Gained mutation: You are agile. (Dex +2) [potion of
                  | mutation]
  4135 | D:5      | Gained mutation: You have large cloven feet. [potion of
                  | mutation]
  4157 | D:6      | Noticed Sigmund
  4180 | D:6      | Killed Sigmund
  4312 | D:6      | Found a staircase to the Ecumenical Temple.
  4397 | D:6      | Reached skill level 5 in Fighting
  4592 | D:7      | Found a flagged portal.
  4603 | D:7      | Reached skill level 5 in Dodging
  4664 | Bailey   | Entered a bailey
  4800 | Bailey   | Reached skill level 1 in Invocations
  4801 | Bailey   | Reached *** piety under Makhleb
  4879 | Bailey   | Reached skill level 1 in Evocations
  4968 | Bailey   | Reached XP level 9. HP: 50/88 MP: 9/9
  4980 | Bailey   | Reached skill level 5 in Maces & Flails
  5582 | D:7      | Reached skill level 1 in Short Blades
  5607 | D:7      | Noticed Harold
  5618 | D:7      | Killed Harold
  5668 | D:7      | Found Alauwiss's Gadget Shop.
  5671 | D:7      | Bought a lamp of fire for 520 gold pieces
  6170 | D:8      | Reached skill level 6 in Fighting
  6213 | D:8      | Noticed Pikel
  6220 | D:8      | Reached XP level 10. HP: 98/98 MP: 11/11
  6235 | D:8      | Killed Pikel
  6279 | D:8      | Found a staircase to the Lair.
  6309 | D:8      | Found an iron altar of Okawaru.
  6394 | D:8      | Reached **** piety under Makhleb
  6917 | D:8      | Found a glowing silver altar of Zin.
  6917 | D:8      | Noticed Maurice
  6939 | D:8      | Killed Maurice
  7101 | D:9      | Found a stormy altar of Qazlal.
  7160 | D:9      | Found a hide-covered altar of Uskayaw.
  7307 | D:9      | Reached skill level 5 in Short Blades
  7523 | D:10     | Entered Level 10 of the Dungeon
  7586 | D:10     | Reached ***** piety under Makhleb
  8139 | D:10     | Noticed Erica
  8174 | D:10     | Killed Erica
  8174 | D:10     | Reached XP level 11. HP: 107/107 MP: 13/13
  8365 | D:10     | Reached skill level 7 in Fighting
  8394 | D:10     | Reached skill level 5 in Invocations
  8468 | D:10     | Found a basalt altar of Yredelemnul.
  8534 | D:10     | Found a staircase to the Orcish Mines.
  8583 | D:11     | Found Ushraisch's Antique Weapon Boutique.
  8648 | D:11     | Noticed Snorg
  8669 | D:11     | Killed Snorg
  8680 | D:11     | Found Sarob's Armour Boutique.
  8763 | D:11     | Found Kotz's General Store.
  8870 | D:11     | Found a stormy altar of Qazlal.
  8881 | D:11     | Found Benn's Assorted Antiques.
  9114 | D:11     | Found Beitous's General Store.
  9514 | D:12     | Noticed a six-headed hydra
  9518 | D:12     | Killed a six-headed hydra
  9767 | D:12     | Reached skill level 5 in Evocations
 10017 | D:12     | Reached XP level 12. HP: 119/119 MP: 15/15
 10189 | D:12     | Reached ****** piety under Makhleb
 10434 | D:13     | Noticed Urug
 10443 | D:13     | Killed Urug
 10443 | D:13     | Reached skill level 8 in Fighting
 10457 | D:13     | Noticed Sonja
 10583 | D:13     | Noticed a vault guard
 10597 | D:13     | Killed a vault guard
 10614 | D:13     | Found a gate to the Vaults.
 11171 | D:13     | Killed Sonja
 11779 | D:14     | Noticed a seven-headed hydra
 11802 | D:14     | Killed a seven-headed hydra
 12019 | D:14     | Noticed a centaur warrior
 12195 | D:14     | Reached skill level 9 in Fighting
 12265 | D:14     | Learned a level 9 spell: Tornado
 12329 | D:14     | Found the +8 Wrath of Trog {antimagic, *Rage}
 12450 | D:14     | Noticed a catoblepas
 12457 | D:14     | Killed a centaur warrior
 12479 | D:14     | Killed a catoblepas
 12479 | D:14     | Reached XP level 13. HP: 131/131 MP: 13/17
 12510 | D:14     | Reached skill level 1 in Air Magic
 12711 | D:15     | Entered Level 15 of the Dungeon
 12777 | D:15     | Reached skill level 1 in Spellcasting
 12847 | D:15     | Found a staircase to the Depths.
 13178 | D:15     | Found Zilidir's Weapon Shop.
 13732 | Lair:1   | Entered Level 1 of the Lair of Beasts
 13894 | Lair:1   | Found a snail-covered altar of Cheibriados.
 13967 | Lair:1   | Found a runed translucent gate.
 13967 | Lair:1   | Found a runed translucent gate.
 13969 | Lair:1   | Found a runed translucent gate.
 13970 | Lair:1   | Noticed mrkaede's ghost (journeyman TrBe)
 15028 | Lair:2   | Reached skill level 10 in Fighting
 15589 | Lair:3   | Found a staircase to the Swamp.
 15673 | Lair:3   | Found a hole to the Spider Nest.
 16526 | Lair:4   | Reached XP level 14. HP: 143/143 MP: 12/19
 16577 | Lair:4   | Found the +7 sceptre of Torment {pain, torment}
 16643 | Lair:4   | Got a flickering brass ring
 16923 | Lair:5   | Identified the ring "Eghehul" {rF+ MR++ EV+5 Int+3 Stlth-}
                  | (You found it on level 4 of the Lair of Beasts)
 17005 | Lair:5   | Found a viscous altar of Jiyva.
 17005 | Lair:5   | Found a staircase to the Slime Pits.
 17501 | Lair:6   | Entered Level 6 of the Lair of Beasts
 17872 | Lair:6   | Reached skill level 10 in Dodging
 17872 | Lair:6   | Reached skill level 10 in Invocations
 17931 | Lair:6   | Reached skill level 11 in Fighting
 17947 | Lair:6   | Found a runed translucent gate.
 17947 | Lair:6   | Found a runed translucent gate.
 17947 | Lair:6   | Found a runed translucent gate.
 18977 | Lair:6   | Noticed Razfen's ghost (journeyman GnWn)
 18977 | Lair:6   | Noticed Goreval's ghost (journeyman CeHu)
 18977 | Lair:6   | Noticed Totodit's ghost (journeyman GrEE)
 18977 | Lair:6   | Noticed Razfen's ghost (journeyman GnWn)
 18980 | Lair:6   | Found the +7 pair of quick blades "Gyre" and "Gimble"
                  | {protect}
 19404 | Orc:1    | Entered Level 1 of the Orcish Mines
 19572 | Orc:1    | Found a roughly hewn altar of Beogh.
 19874 | Orc:1    | Found a bloodstained altar of Trog.
 19918 | Orc:2    | Entered Level 2 of the Orcish Mines
 19962 | Orc:2    | Found a staircase to the Elven Halls.
 20032 | Orc:2    | Found a burning altar of Makhleb.
 20056 | Orc:2    | Found Opatsam's Armour Boutique.
 20077 | Orc:2    | Reached XP level 15. HP: 156/156 MP: 19/22
 20220 | Orc:2    | Reached skill level 12 in Fighting
 20231 | Orc:2    | Found Koggogug's Armour Shoppe.
 20237 | Orc:2    | Found Osok's Food Shoppe.
 20266 | Orc:2    | Found Peimon's Food Boutique.
 20288 | Orc:2    | Bought a +1 hat of magic resistance for 256 gold pieces
 20858 | Spider:1 | Entered Level 1 of the Spider Nest
 21252 | Swamp:1  | Entered Level 1 of the Swamp
 21689 | Swamp:1  | Noticed a thorn hunter
 21741 | Swamp:1  | Killed a thorn hunter
 22333 | Swamp:2  | Noticed Jorgrun
 22361 | Swamp:2  | Killed Jorgrun
 23995 | Swamp:3  | Noticed Louise
 24031 | Swamp:3  | Killed Louise
 24031 | Swamp:3  | Reached XP level 16. HP: 132/167 MP: 3/24
 24363 | Swamp:4  | Entered Level 4 of the Swamp
 24609 | Swamp:4  | Reached skill level 1 in Shields
 24891 | Swamp:4  | Reached skill level 13 in Fighting
 25853 | Swamp:4  | Slain by a seven-headed hydra simulacrum

Levels and vault maps discovered:
D:1:      dpeg_arrival_central, layout_basic
D:2:      layout_basic, xom_butterflies, first_ration,
          chequers_ecumenical_altar_lobes, kennysheep_nub,
          chequers_serial_rivers_small_3, minmay_misc_feat_secret_circle
D:3:      layout_loops_cross, lemuel_crystal_altar, minitemple
D:4:      layout_gridville, bloody_makhleb, uniq_edmund, uniq_grinder,
          uniq_natasha
D:5:      layout_loops_ring, cheibrodos_ashenzari_chains
D:6:      layout_rooms, temple_fountains, uniq_sigmund
D:7:      layout_basic, nicolae_ossuary_entry_ruins, enter_bailey_7,
          serial_shops, nicolae_shop_behind_doors, uniq_harold
D:8:      cheibrodos_barr_body, layout_basic, kennysheep_mini_moat,
          zin_treasury, grunt_decor_cap, grunt_ogre_cave, uniq_pikel,
          uniq_maurice
D:9:      layout_roguey, lemuel_round_altar, nicolae_overflow_crystal_walls
D:10:     layout_stronghold, minmay_orc_entry_guard_dogs, basic_altar,
          uniq_erica
D:11:     layout_basic, basic_altar, serial_shops, shop_fountains, shop,
          kennysheep_little_box, shop, shop, uniq_snorg
D:12:     layout_loops_corners, serial_undead, serial_undead_b, serial_undead_c,
          serial_undead_e, serial_undead_e, chequers_serial_rivers_small_a
D:13:     layout_cave_pods, david_vaults_5, uniq_sonja, uniq_urug
D:14:     layout_irregular_city
D:15:     grunt_enter_depths_magical_seal, layout_irregular_city,
          hangedman_decor_riveting, serial_shops, shop
Lair:1:   beast_lair_carwin_large_1, layout_cave_pods, basic_altar,
          gammafunk_ghost_hydra_chop, ldierk_geyser, serial_bayou_shore_a,
          lemuel_fruit_tree, grunt_megastairs_3
Lair:2:   layout_regular_city, chequers_serial_rivers_micro_a
Lair:3:   layout_gridlike, minmay_swamp_entry_eels, dummy_spider_entry,
          serial_bayou_lagoon_a, hangedman_lair_unloving_vines,
          serial_bayou_shore_b
Lair:4:   layout_roguey, minmay_lair_oklob_chamber, lemuel_fruit_fields
Lair:5:   layout_roguey, slime_altar_1, lemuel_fruit_fields
Lair:6:   grunt_lair_end_beastmaster, layout_layer_cave,
          gammafunk_ghost_cemetery, infiniplex_staircase_pool_2
Swamp:1:  layout_basic_swamp, evilmike_swamp_ruin_house_2, swamp_pool2
Swamp:2:  layout_basic_swamp, hangedman_swamp_lotus, uniq_jorgrun
Swamp:3:  layout_basic_swamp, nicolae_swamp_feature_on_the_river_bank,
          uniq_louise
Swamp:4:  swamp_icy, layout_basic_swamp, swamp_pool1
Spider:1: layout_spider_delve
Orc:1:    layout_caves, basic_altar, trog_book
Orc:2:    st_orc_elflike, layout_caves, basic_altar

Skill      XL: |  1  2  3  4  5  6  7  8  9 10 11 12 13 14 15 16 |
---------------+-------------------------------------------------+-----
Unarmed Combat | 4 5 6 |  6.6
Fighting       | 3 4 5 6 7 9 10 11 12 13 | 13.1
Dodging        | 3 4 5 6 7 8 9 10 11 | 11.8
Maces & Flails | 2 4 5 |  5.2
Invocations    | 1 3 4 6 7 9 11 12 | 12.4
Evocations     | 1 2 3 5 6 7 8 |  8.1
Short Blades   | 3 5 7 8 |  8.0
Air Magic      | 2 |  2.5
Spellcasting   | 2 |  2.3
Shields        | 2 |  2.9
Stealth        | |  1.0

Action                   |  1- 3 |  4- 6 |  7- 9 | 10-12 | 13-15 | 16-18 || total
-------------------------+-------+-------+-------+-------+-------+-------++-------
Melee: Unarmed           |    97 |   189 |    17 |       |       |       ||   303
       Punch             |     1 |     2 |     3 |    43 |   112 |       ||   161
       Flail             |       |       |   151 |       |       |       ||   151
       Kick              |       |       |    68 |   366 |  1027 |   215 ||  1676
       Quick blade       |       |       |    99 |   904 |  2021 |   473 ||  3497
Throw: Dart              |       |       |       |       |    48 |     7 ||    55
Evoke: Wand              |       |       |    25 |     6 |    24 |    29 ||    84
       Lamp of fire      |       |       |       |     1 |       |       ||     1
  Use: Scroll            |     2 |       |    10 |     8 |    22 |     3 ||    45
       Potion            |       |       |    14 |       |     4 |     4 ||    22
 Stab: Sleeping          |     2 |       |     2 |     1 |       |       ||     5
       Paralysed         |       |       |     1 |     1 |       |       ||     2
       Invisible         |       |       |     3 |       |       |       ||     3
       Distracted        |       |       |       |     1 |       |       ||     1
       Confused          |       |       |       |       |     3 |       ||     3
  Eat: Chunk             |    10 |    17 |    12 |    49 |    71 |     5 ||   164
       Ration            |       |       |     5 |     3 |     9 |     3 ||    20
Armor: Robe              |    44 |    65 |   126 |    36 |       |       ||   271
       Troll leather arm |       |       |       |   103 |       |       ||   103
       Acid dragon scale |       |       |       |    53 |   290 |   134 ||   477
Dodge: Dodged            |    47 |   106 |   247 |   291 |   825 |   182 ||  1698
Block: Large shield      |       |       |       |       |       |   209 ||   209
